 Dungeon Crawl Stone Soup version 0.25-a0-992-gca090100c3 (webtiles) character file.

Game seed: 3518786231671581325, levelgen mode: deterministic

761 Flugslaktarn the Chopper (level 7, -1/62 HPs)
             Began as a Minotaur Fighter on May 10, 2020.
             Was an Initiate of Cheibriados.
             Slain by an orc
             ... wielding a +2 flail of holy wrath
              (4 damage)
             ... on level 6 of the Dungeon.
             The game lasted 00:01:17 (2366 turns).

Flugslaktarn the Chopper (Minotaur Fighter)         Turns: 2366, Time: 00:01:18

Health: -1/62      AC: 11    Str: 22    XL:     7   Next: 51%
Magic:  6/7        EV:  6    Int:  6    God:    Cheibriados [......]
Gold:   112        SH: 10    Dex: 12    Spells: 6/6 levels left

rFire    . . .     SeeInvis .   a - +0 war axe
rCold    . . .     Gourm    .   c - +0 kite shield
rNeg     . . .     Faith    .   l - +0 chain mail
rPois    .         Spirit   .   (helmet restricted)
rElec    .         Reflect  .   (no cloak)
rCorr    .         Harm     .   i - +0 pair of gloves
MR       .....                  (no boots)
Stlth    ..........             (no amulet)
HPRegen  0.20/turn              (no ring)
MPRegen  0.10/turn              (no ring)

@: very slow
A: retaliatory headbutt, horns 2
a: Bend Time, Renounce Religion


You were on level 6 of the Dungeon.
You worshipped Cheibriados.
Cheibriados was noncommittal.
You were not hungry.

You visited 1 branch of the dungeon, and saw 6 of its levels.

You collected 112 gold pieces.

Inventory:

Hand Weapons
 a - a +0 war axe (weapon)
Armour
 c - a +0 kite shield (worn)
 i - a +0 pair of gloves (worn)
   (You found it on level 3 of the Dungeon)
 l - a +0 chain mail (worn)
   (You found it on level 5 of the Dungeon)
Jewellery
 p - an uncursed ring of fire
   (You took it off a gnoll on level 5 of the Dungeon)
Scrolls
 k - a scroll of immolation
 q - a scroll of fear
 r - a scroll of identify
 t - 2 scrolls of teleportation
 x - a scroll of remove curse
 z - a scroll of blinking
Potions
 d - 2 potions of might
 h - a potion of cancellation
 j - 2 potions of stabbing
 m - 2 potions of flight
Comestibles
 e - 6 rations


   Skills:
 + Level 5.7 Fighting
 * Level 6.6 Axes
 + Level 5.6 Armour
 + Level 5.6 Shields
 + Level 1.3 Invocations


You had 6 spell levels left.
You didn't know any spells.
Your spell library was empty.

Dungeon Overview and Level Annotations

Branches:
Dungeon (6/15)
 Temple: D:4-7

Altars:
Cheibriados
Dithmenos
Hepliaklqana

Annotations:
D:4 2 transporters, ra1n577's ghost, amateur MiFi


Innate Abilities, Weirdness & Mutations

You reflexively headbutt those who attack you in melee.
You have a pair of horns on your head.


Message History

The orc warrior is lightly wounded.
You hit the orc.
The orc warrior hits you with a +0 long sword.
You block the orc's attack.
You hit the orc but do no damage.
The orc is severely wounded.
Your shield prevents you from hitting the orc warrior.
The orc warrior hits you with a +0 long sword!
* * * LOW HITPOINT WARNING * * *
You block the orc's attack.
The orc warrior hits you with a +0 long sword!
* * * LOW HITPOINT WARNING * * *
You are too injured to fight recklessly!
You are too injured to fight recklessly!
Unknown command.
The orc warrior hits you with a +0 long sword.
* * * LOW HITPOINT WARNING * * *
There is a stone staircase leading up here.
The orc hits you with a +2 flail of holy wrath.
You die...

.... ....
...# ## ...
.. ...
..##.####.#
..........#
#@# #
#.#.##o#.##.#
#....Zo.....#
#...##.#.##.#
#.. ...... #.
##...##.# #
#...# # .....
#.....


You could see an orc warrior, an orc and a killer bee zombie.

Vanquished Creatures
  Grinder (D:4)
  Edmund (D:4)
  A centaur (D:5)
  2 howler monkeys
  A crimson imp (D:5)
  A bullfrog zombie (D:5)
  An orc priest (D:4)
  An iguana (D:4)
  2 orc wizards
  2 worker ants
  Robin (D:4)
  3 gnolls (D:5)
  A dart slug (D:1)
  4 orcs
  A bat (D:2)
  3 giant cockroaches
  11 goblins
  2 frilled lizards
  A jackal zombie (D:5)
  3 rats
43 creatures vanquished.

Notes
Turn   | Place    | Note
-------+----------+-------------------------------------------
     0 | D:1      | Flugslaktarn the Minotaur Fighter began the quest for the
                  | Orb.
     0 | D:1      | Reached XP level 1. HP: 19/19 MP: 0/0
   121 | D:2      | Reached XP level 2. HP: 25/27 MP: 1/1
   185 | D:4      | Noticed Robin
   190 | D:4      | Reached skill level 3 in Axes
   192 | D:4      | Noticed Edmund
   392 | D:4      | Killed Robin
   392 | D:4      | Reached XP level 3. HP: 21/33 MP: 2/2
   416 | D:4      | Killed Edmund
   416 | D:4      | Reached skill level 4 in Axes
   416 | D:4      | Reached XP level 4. HP: 5/41 MP: 3/3
   416 | D:4      | Reached XP level 5. HP: 5/47 MP: 4/4
   724 | D:4      | Noticed Grinder
   732 | D:4      | Paralysed by Grinder for 6 turns
   744 | D:4      | Paralysed by Grinder for 6 turns
   762 | D:4      | Killed Grinder
   762 | D:4      | Reached skill level 5 in Fighting
   762 | D:4      | Reached skill level 5 in Axes
   762 | D:4      | Reached skill level 5 in Armour
   762 | D:4      | Reached skill level 5 in Shields
   762 | D:4      | Reached XP level 6. HP: 24/56 MP: 5/5
  1121 | D:4      | Found a snail-covered altar of Cheibriados.
  1129 | D:4      | Reached skill level 6 in Axes
  1138 | D:4      | Became a worshipper of Cheibriados the Contemplative
  1575 | D:4      | Noticed ra1n577's ghost (amateur MiFi)
  1593 | D:4      | Found a transporter.
  1736 | D:4      | Found a shadowy altar of Dithmenos.
  1737 | D:4      | Noticed a shadow
  1739 | D:4      | Found a hazy altar of Hepliaklqana.
  1780 | D:4      | Found a transporter.
  1794 | D:5      | Entered Level 5 of the Dungeon
  1845 | D:5      | Reached XP level 7. HP: 52/61 MP: 6/6
  1857 | D:5      | Reached skill level 1 in Invocations
  2364 | D:6      | HP: 3/62 [orc warrior/+0 long sword (4)]
  2366 | D:6      | Slain by an orc

Illustrated notes

Levels and vault maps discovered:
D:1:      minmay_arrival_jagged, layout_basic, minmay_fountain_box,
          ebering_dispersal_statue_hall
D:2:      layout_loops_ring, old_standard_altar, lemuel_round_altar,
          fedhas_altar_fruit_tree, minmay_misc_feat_ornament,
          minmay_pentomino_r2
D:3:      layout_basic, nicolae_ru_great_annihilating_truth,
          lemuel_crystal_altar
D:4:      layout_loops_ring, riverfiend_overflow_shadow_ancestor,
          old_standard_altar, gammafunk_ghost_smash, uniq_edmund, uniq_grinder,
          uniq_robin
D:5:      layout_rooms, first_ration, due_unseen_surprise
D:6:      layout_basic, nicolae_overflow_crystal_walls,
          cheibrodos_sewer_entry_drain

Skill      XL: |  1  2  3  4  5  6  7 |
---------------+----------------------+-----
Axes           | 3 4 5 6 |  6.6
Fighting       | 4 5 |  5.7
Armour         | 4 5 |  5.6
Shields        | 4 5 |  5.6
Invocations    | 1 |  1.3

Action                   |  1- 3 |  4- 6 |  7- 9 || total
-------------------------+-------+-------+-------++-------
Melee: War axe           |    62 |    38 |    44 ||   144
       Headbutt          |    13 |    10 |     5 ||    28
       Unarmed           |       |    21 |       ||    21
  Use: Scroll            |       |       |     9 ||     9
  Eat: Ration            |       |     1 |     1 ||     2
       Chunk             |       |     1 |       ||     1
Armor: Scale mail        |    35 |     9 |    15 ||    59
       Skin              |       |     6 |       ||     6
       Chain mail        |       |       |     2 ||     2
Dodge: Dodged            |    20 |    19 |     7 ||    46
Block: Kite shield       |    42 |    19 |    31 ||    92

Table legend:
 A = Non-vault XP
 B = Vault XP
 C = Vault XP percentage of total XP
 D = Non-vault monster count
 E = Vault monster count
 F = Vault count percentage of total count
                 A         B        C        D         E       F
            +---------+---------+-------+---------+---------+-------
      Total |     602 |     486 |  44.7 |      30 |      13 |  30.2
            +---------+---------+-------+---------+---------+-------
        D:1 |       5 |       0 |   0.0 |       2 |       0 |   0.0
        D:2 |       7 |       0 |   0.0 |       4 |       0 |   0.0
        D:3 |       3 |       6 |  66.7 |       3 |       3 |  50.0
        D:4 |     214 |     480 |  69.2 |      10 |      10 |  50.0
        D:5 |     334 |       0 |   0.0 |      10 |       0 |   0.0
        D:6 |      39 |       0 |   0.0 |       1 |       0 |   0.0
            +---------+---------+-------+---------+---------+-------
